 Dungeon Crawl Stone Soup version 0.29-a0-866-g0545e20025 (webtiles) character file.

Game seed: 26075972292782763

5922 Malachi the Unseen (level 10, 0/71 HPs)
             Began as a Vampire Brigand on July 17, 2022.
             Was a Follower of Kikubaaqudgha.
             Slain by a two-headed ogre
             ... wielding a +0 giant spiked club
              (21 damage)
             ... on level 9 of the Dungeon.
             The game lasted 00:21:21 (11141 turns).

Malachi the Unseen (Vampire Brigand)               Turns: 11141, Time: 00:21:23

Health: 0/71       AC:  5    Str: 16    XL:     10   Next: 53%
Magic:  16/16      EV: 11    Int: 15    God:    Kikubaaqudgha [*.....]
Gold:   105        SH:  0    Dex: 19    Spells: 10/17 levels left

rFire   . . .      SeeInvis +   b - +5 dagger (distort)
rCold   . . .      Faith    .   (no shield)
rNeg    . . .      Spirit   .   C - +1 leather armour "Doinuq" {Will++}
rPois   .          Reflect  .   (no helmet)
rElec   .          Harm     .   R - +0 cloak
rCorr   .          Rampage  .   (no gloves)
Will    +++..                   (no boots)
Stlth   ++++++....              (no amulet)
HPRegen 0.41/turn               h - +6 ring of strength
MPRegen 0.15/turn               x - +4 ring of slaying

@: healing quickly
A: alive, fangs 3, see invisible, vampiric 2
a: Exsanguinate, Renounce Religion, Unearth Wretches


You were on level 9 of the Dungeon.
You worshipped Kikubaaqudgha.
Kikubaaqudgha was aware of your devotion.
You visited 2 branches of the dungeon, and saw 10 of its levels.

You collected 410 gold pieces.
You spent 305 gold pieces at shops.

Inventory:

Hand Weapons
 b - a +5 dagger of distortion (weapon)
 H - a +3 falchion of freezing
Missiles
 d - 23 poisoned darts
 e - 2 curare-tipped darts
 t - 2 atropa-tipped darts (quivered)
Armour
 c - a +0 cloak
 w - a scarf of resistance
 C - the +1 leather armour "Doinuq" (worn) {Will++}
   (You bought it in a shop on level 2 of the Dungeon)

   Will:      It greatly increases your willpower.
 F - a +3 leather armour of cold resistance
 M - +0 acid dragon scales
 R - a +0 cloak (worn)
Jewellery
 h - a +6 ring of strength (left hand)
 k - a ring of wizardry
 s - a ring of fire
 x - a +4 ring of slaying (right hand)
 y - a ring of positive energy
Wands
 G - a wand of flame (19)
 O - a wand of charming (8)
 S - a wand of polymorph (4)
Scrolls
 a - a scroll of summoning
 f - 2 scrolls of amnesia
 g - 5 scrolls of fog
 i - 3 scrolls of fear
 j - 3 scrolls of silence
 l - 4 scrolls of immolation
 u - a scroll of vulnerability
 v - 2 scrolls of teleportation {unknown}
 A - 2 scrolls of noise {unknown}
 N - a scroll of magic mapping {unknown}
 P - a scroll of enchant armour {unknown}
 Q - 3 scrolls of identify
 T - a scroll of blinking {unknown}
Potions
 m - a potion of resistance
 n - a potion of attraction {unknown}
 o - 2 potions of heal wounds {unknown}
 p - a potion of might
 q - 2 potions of brilliance {unknown}
 r - 6 potions of curing
 z - 2 potions of invisibility {unknown}
 B - 3 potions of flight {unknown}
 D - 2 potions of berserk rage
 E - 2 potions of magic {unknown}
 I - a potion of ambrosia {unknown}
 J - a potion of experience {unknown}
 K - a potion of lignification {unknown}
 L - a potion of mutation {unknown}


   Skills:
 * Level 4.1 Fighting
 - Level 10.0 Short Blades
 - Level 1.5 Throwing
 - Level 1.1 Dodging
 - Level 15.0 Stealth
 - Level 4.0 Spellcasting
 - Level 8.0 Necromancy


You had 10 spell levels left.
You knew the following spells:

 Your Spells              Type           Power      Damage    Failure   Level
a - Vampiric Draining     Necr           27%        2d7       2%          3
b - Animate Dead          Necr           27%        N/A       9%          4

Your spell library contained the following spells:

 Spells                   Type           Power      Damage    Failure   Level
 Necrotise                Necr           100%       1d9       1%          1
 Agony                    Necr           27%        N/A       22%         5
 Static Discharge         Conj/Air       3%         3-4/arc   32%         2
 Anguish                  Hex/Necr       7%         N/A       38%         4
 Ozocubu's Armour         Ice            3%         N/A       54%         3
 Lightning Bolt           Conj/Air       1%         1d12      99%         5
 Metabolic Englaciation   Hex/Ice        1%         N/A       99%         5
 Simulacrum               Ice/Necr       7%         N/A       100%        6
 Maxwell's Capacitive Co  Air            1%         ∞         100%        8


Dungeon Overview and Level Annotations

Branches:
Dungeon (9/15)             Temple (1/1) D:6            Lair (0/6) D:8
    Orc: D:9-12

Altars:
Ashenzari
Cheibriados
Dithmenos
Fedhas
Gozag
Hepliaklqana
Kikubaaqudgha
Makhleb
Nemelex Xobeh
Okawaru
Qazlal
Ru
Sif Muna
Trog
Uskayaw
Vehumet
Wu Jian
Xom
Yredelemnul

Shops:
D:2 ?[=(   D:5 !   D:8 !

Annotations:
D:4 exclusions: 2 jackals and 2 lemures
Temple 2 transporters
Abyss:1 ouz's ghost, novice KoEn


Innate Abilities, Weirdness & Mutations

Your natural rate of healing is accelerated.
You have razor-sharp teeth.
You have supernaturally acute eyesight. (SInv)
You are afflicted with vampirism and can become a bat while bloodless.


Message History

You see here a +0 mace.
There is an open door here.
There is an open door here.
There is an open door here.
You open the door.
There is an open door here.
Found a stone staircase leading up.
There is a stone staircase leading up here.
You open the door.
There is an open door here.
Found a ring mail.
A cyclops comes into view.
A cyclops is nearby!
A cyclops is nearby!
The helpless cyclops fails to defend itself.
You skewer the cyclops like a kebab!!!!
You kill the cyclops!
Kikubaaqudgha accepts your kill.
Your Fighting skill increases to level 4!
There is an open door here.
There is an open door here.
A two-headed ogre comes into view.
It is wielding a +0 giant spiked club and a +0 giant club.
A two-headed ogre is nearby!
A two-headed ogre is nearby!
The two-headed ogre shouts in stereo!
You hit the two-headed ogre.
Space warps around the two-headed ogre.
The two-headed ogre is lightly wounded.
The two-headed ogre hits you with a +0 giant spiked club!!
The two-headed ogre hits you but does no damage.
You puncture the two-headed ogre!
Space warps around the two-headed ogre.
The two-headed ogre is heavily wounded.
You hit the two-headed ogre.
Space warps around the two-headed ogre.
The two-headed ogre is heavily wounded.
You completely miss the two-headed ogre.
The two-headed ogre is heavily wounded.
The two-headed ogre hits you with a +0 giant spiked club!!
* * * LOW HITPOINT WARNING * * *
The two-headed ogre hits you with a +0 giant club!!
You die...
Kikubaaqudgha rasps: "You have failed me!
Welcome... death!"

#....#..............#........#...
#....'...>..........'........#...
#....#..............#........#...
#....##########....###########...
#.....# #....#.........#...
#.....# #....#.........#...
#.....# #....#.........#...
#.....# #....#.........#...
#.....# #.@..#.........#..[
#..<..# #.O..#.........#...
####### #....######...##...
......# #........ .......+
#........ ........# #........
.........# #........ ###########
#########


You could see a two-headed ogre.

Vanquished Creatures
  A two-headed ogre (D:7)
  A cyclops (D:9)
  Prince Ribbit (D:5)
  Eustachio (D:6)
  A steam dragon (D:9)
  Menkaure (D:5)
  An acid dragon (D:8)
  2 water moccasins
  Duvessa (D:7)
  4 orc warriors
  3 ice beasts
  2 black bears (D:8)
  2 ogres (D:5)
  4 centaurs
  A phantom (D:5)
  A kobold brigand (D:9)
  3 necrophages (D:6)
  2 bullfrogs (D:6)
  A gnoll sergeant (D:7)
  3 scorpions
  7 wights
  Dowan (D:7)
  5 killer bees (D:7)
  2 howler monkeys
  2 hounds (D:6)
  A jelly (D:5)
  3 orc priests
  A gnoll bouda (D:6)
  Ijyb (D:4)
  3 iguanas
  4 orc wizards
  11 gnolls
  4 adders
  2 white imps
  4 ufetubi
  A worm (D:2)
  3 dart slugs
  29 orcs
  6 bats
  2 endoplasms
  7 goblins
  5 hobgoblins
  3 jackals (D:1)
  4 quokkas
  6 ball pythons
  A frilled lizard (D:1)
  11 kobolds
  5 rats
170 creatures vanquished.

Vanquished Creatures (others)
  4 fungi (D:8)
  9 plants (D:8)
13 creatures vanquished.

Grand Total: 183 creatures vanquished

Notes
Turn   | Place    | Note
-------+----------+-------------------------------------------
     0 | D:1      | Malachi the Vampire Brigand began the quest for the Orb.
     0 | D:1      | Reached XP level 1. HP: 16/16 MP: 1/1
   107 | D:1      | Reached XP level 2. HP: 22/22 MP: 2/2
   129 | D:1      | You fall into a shaft and drop 1 floor!
   633 | D:2      | Gained mutation: You are afflicted with vampirism and can
                  | become a bat while bloodless. [Vampire growth]
   633 | D:2      | Reached XP level 3. HP: 27/27 MP: 3/3
   887 | D:2      | Found Girov's Magic Scroll Shop.
   896 | D:2      | Bought a scroll of identify for 24 gold pieces
   896 | D:2      | Bought a scroll of identify for 24 gold pieces
   978 | D:2      | Found Goimiph's Antique Armour Boutique.
  1185 | D:2      | Found Zaof's Weapon Boutique.
  1232 | D:2      | Found Inifinen's Jewellery Emporium.
  2054 | D:3      | Reached XP level 4. HP: 33/33 MP: 4/4
  2156 | D:3      | Reached skill level 5 in Short Blades
  2405 | D:4      | Noticed a lemure
  2620 | D:4      | Reached XP level 5. HP: 25/38 MP: 5/5
  3233 | D:4      | Reached XP level 6. HP: 43/44 MP: 6/6
  3602 | D:4      | Noticed Ijyb
  3610 | D:4      | Killed Ijyb
  4051 | D:5      | Entered Level 5 of the Dungeon
  4054 | D:5      | Noticed Menkaure
  4060 | D:5      | Killed Menkaure
  4077 | D:5      | Reached XP level 7. HP: 49/49 MP: 7/7
  4207 | D:5      | Noticed Prince Ribbit
  4352 | D:5      | Reached skill level 10 in Short Blades
  4352 | D:5      | Reached skill level 6 in Stealth
  4389 | D:5      | Reached skill level 7 in Stealth
  4389 | D:5      | Reached XP level 8. HP: 55/55 MP: 8/8
  4784 | D:4      | Reached skill level 8 in Stealth
  5059 | D:5      | Identified the +6 spear "Paoddast" {vorpal, rElec}
  5119 | D:5      | Reached skill level 9 in Stealth
  5143 | D:5      | Found Jaobbor's Distillery.
  5197 | D:5      | Killed Prince Ribbit
  5198 | D:5      | Reached skill level 10 in Stealth
  5446 | D:6      | Reached skill level 11 in Stealth
  5524 | D:6      | Reached skill level 12 in Stealth
  5540 | D:6      | Found a staircase to the Ecumenical Temple.
  5604 | D:6      | Noticed Eustachio
  5609 | D:6      | Killed Eustachio
  5733 | D:6      | Found a transporter.
  5739 | D:6      | Reached skill level 13 in Stealth
  5753 | D:6      | Reached XP level 9. HP: 52/61 MP: 9/9
  5924 | D:6      | Reached skill level 14 in Stealth
  6032 | D:6      | Found a transporter.
  6032 | D:6      | Noticed ouz's ghost (novice KoEn)
  6033 | D:6      | Noticed a cyan ugly thing
  6426 | Temple   | Entered the Ecumenical Temple
  6426 | Temple   | Found a transporter.
  6426 | Temple   | Found a transporter.
  6428 | Temple   | Found a transporter.
  6428 | Temple   | Found a transporter.
  6511 | Temple   | Became a worshipper of Kikubaaqudgha
  7034 | D:7      | Noticed a two-headed ogre
  7037 | D:7      | Killed a two-headed ogre
  7038 | D:7      | Reached skill level 15 in Stealth
  7539 | D:7      | Noticed Duvessa
  7539 | D:7      | Noticed Dowan
  7551 | D:7      | Killed Duvessa
  7556 | D:7      | Killed Dowan
  7802 | D:7      | Reached skill level 5 in Necromancy
  7845 | D:7      | Found a hazy altar of Hepliaklqana.
  7845 | D:7      | Found a faded altar of an unknown god.
  7853 | D:7      | Found a radiant altar of Vehumet.
  7855 | D:7      | Found a shimmering blue altar of Sif Muna.
  7857 | D:7      | Found a faded altar of an unknown god.
  8169 | D:8      | Reached XP level 10. HP: 63/67 MP: 16/16
  8471 | D:8      | Reached * piety under Kikubaaqudgha
  8471 | D:8      | Received a gift from Kikubaaqudgha
  8480 | D:8      | Learned a level 3 spell: Vampiric Draining
  8485 | D:8      | Learned a level 4 spell: Animate Dead
  8640 | D:8      | Found Veuttojo's Distillery.
  8648 | D:8      | Bought a potion of berserk rage for 75 gold pieces
  8810 | D:2      | Bought a scorched leather armour for 182 gold pieces
  8810 | D:2      | Identified the +1 leather armour "Doinuq" {Will++} (You
                  | bought it in a shop on level 2 of the Dungeon)
  9039 | D:6      | Banished ouz's ghost
  9670 | D:8      | Found a staircase to the Lair.
 11107 | D:9      | Noticed a cyclops
 11114 | D:9      | Killed a cyclops
 11133 | D:9      | Noticed a two-headed ogre
 11141 | D:9      | Slain by a two-headed ogre

Illustrated notes

Levels and vault maps discovered:
D:1:      dpeg_arrival_refuge, layout_rooms, minmay_hedge_maze
D:2:      layout_loops_ring, serial_shops, nicolae_shop_bloodbath_and_beyond,
          nicolae_lakefront_shop, shop_fountains, nicolae_shop_statue_plus,
          grunt_decor_cap
D:3:      layout_loops_corners, serial_aquarium, aquarium_bridge_straight
          [aquarium_subvault_bridge, aquarium_subvault_wall,
          aquarium_subvault_bridge, aquarium_subvault_wall],
          aquarium_window_corner, aquarium_window_1, aquarium_window_1,
          aquarium_view_2d, aquarium_pool_1
D:4:      layout_loops_ring, hangedman_abyss_or_decor_slice, uniq_pikel,
          uniq_ijyb
D:5:      layout_basic, serial_shops, nicolae_shop_hallway_plus,
          uniq_prince_ribbit1, uniq_menkaure
D:6:      layout_loops_ring, temple_doors_e, gammafunk_ghost_arena,
          uniq_eustachio
D:7:      layout_basic, chequers_temple_overflow_minitemple, uniq_duvessa
D:8:      layout_basic, grunt_lair_entry_orc_guard_hut, serial_shops,
          nicolae_diamond_shop
D:9:      layout_grid_maze
Temple:   hellmonk_temple_divided_pantheon

Skill      XL: |  1  2  3  4  5  6  7  8  9 10 |
---------------+-------------------------------+-----
Short Blades   | 3 4 5 7 8 10 | 10.0
Stealth        | 7 13 15 | 15.0
Spellcasting   | 4 |  4.0
Necromancy     | 5 8 |  8.0
Fighting       | 4 |  4.1
Throwing       | |  1.5
Dodging        | |  1.1

Action                   |  1- 3 |  4- 6 |  7- 9 | 10-12 || total
-------------------------+-------+-------+-------+-------++-------
Melee: Dagger            |   100 |    90 |   238 |   101 ||   529
       Bite              |     7 |    14 |    38 |    14 ||    73
       Punch             |       |     2 |     1 |     2 ||     5
Throw: Dart              |       |     5 |     3 |       ||     8
Evoke: Wand              |       |       |     7 |       ||     7
  Use: Scroll            |     8 |     1 |     2 |     1 ||    12
       Potion            |       |     1 |     1 |       ||     2
 Stab: Sleeping          |    14 |     5 |    25 |     4 ||    48
       Distracted        |       |     1 |     1 |     1 ||     3
       Invisible         |       |       |     1 |       ||     1
Armor: Robe              |    12 |     5 |     9 |       ||    26
       Leather armour    |       |       |    27 |    19 ||    46
Dodge: Dodged            |    36 |    36 |    75 |    37 ||   184

Table legend: (Time is in decaauts)
 A = Elapsed time spent in this place.
 B = Non-inter-level travel time spent in this place.
 C = Inter-level travel time spent in this place.
 D = Time resting spent in this place.
 E = Time spent auto-exploring this place.
 F = Levels seen in this place.
 G = Mean time per level.
                   A        B        C        D        E       F      G
               +--------+--------+--------+--------+--------+-----+--------+
         Total |  10934 |  10132 |    802 |   2226 |   6090 |  10 | 1093.4 |
       Dungeon |  10835 |  10040 |    795 |   2226 |   6090 |   9 | 1203.9 |
        Temple |     98 |     91 |      7 |      0 |      0 |   1 |   98.0 |
               +--------+--------+--------+--------+--------+-----+--------+

Top non-repeatable levels by time:
     D:4: 1914 daAuts
     D:6: 1459 daAuts
     D:8: 1390 daAuts
     D:7: 1371 daAuts
     D:3: 1263 daAuts
     D:9: 1144 daAuts
     D:5: 957 daAuts
     D:2: 752 daAuts
     D:1: 582 daAuts
  Temple: 98 daAuts
